 Dungeon Crawl Stone Soup version 0.31-a0-355-g57cb03d3e8 (webtiles) character file.

Game seed: 2823341522199985294

27400 drugrobin the Basher (level 12, -5/110 HPs)
             Began as a Demigod Delver on July 24, 2023.
             Slain by a seven-headed hydra (10 damage)
             ... on level 2 of the Lair of Beasts.
             The game lasted 00:55:56 (15427 turns).

drugrobin the Basher (Demigod Delver)              Turns: 15427, Time: 00:55:57

Health: -5/110     AC: 11    Str: 35    XL:     12   Next: 68%
Magic:  22/28      EV: 15    Int: 16    God:
Gold:   278        SH:  5    Dex: 15    Spells: 15/27 levels left

rFire   . . .        e - +1 mace of Day {freeze, +Blink SInv}
rCold   . . .        (no shield)
rNeg    . . .        W - +0 chain mail "Ilory" {Regen+ Str+4}
rPois   .            (no helmet)
rElec   .            z - +0 cloak
rCorr   .            m - +0 pair of gloves
SInv    +            (no boots)
Will    +....        s - amulet of reflection Stlth
                     B - +5 ring of evasion
HPRegen 1.18/turn    E - +6 ring of strength
MPRegen 0.21/turn

%: reflection
@: very slightly contaminated
A: high MP 1, forlorn, divine attributes
a: Evoke Blink


You were on level 2 of the Lair of Beasts.
You visited 2 branches of the dungeon, and saw 14 of its levels.
You also visited: Sewer.

You collected 560 gold pieces.
You spent 282 gold pieces at shops.

Inventory:

Hand Weapons
 a - a +2 flail of protection
 b - a +1 dagger of venom
 c - a +2 whip of electrocution
 d - a +3 morningstar of freezing
 e - the +1 mace of Day (weapon) {freeze, +Blink SInv}
   (You bought it in a shop on level 4 of the Dungeon)

   SInv:      It lets you see invisible.
   +Blink:    It lets you blink.
Missiles
 A - 10 curare-tipped darts
 N - 2 javelins (quivered)
 X - 2 throwing nets
Armour
 j - a +2 robe of fire resistance
 m - a +0 pair of gloves (worn)
 t - a +0 robe of cold resistance
 z - a +0 cloak (worn)
 W - the +0 chain mail "Ilory" (worn) {Regen+ Str+4}
   (You found it on level 11 of the Dungeon)

   Str:       It affects your strength (+4).
   Regen:     It increases your rate of health regeneration.
Magical Staves
 U - a staff of poison
Jewellery
 s - an amulet of reflection (around neck)
 v - a ring of protection from fire
 y - a ring of willpower
 B - a +5 ring of evasion (left hand)
 E - a +6 ring of strength (right hand)
 L - a ring of protection from fire
Wands
 g - a wand of digging (3)
 h - a wand of roots (23)
 V - a wand of charming (7)
Scrolls
 k - a scroll of enchant armour
 l - 6 scrolls of teleportation
 n - a scroll of blinking
 q - 3 scrolls of fog
 r - a scroll of immolation {unknown}
 u - 2 scrolls of amnesia
 C - 5 scrolls of vulnerability
 G - 2 scrolls of poison
 K - a scroll of silence
 M - 2 scrolls of revelation
 T - 5 scrolls of fear
Potions
 f - 3 potions of haste
 p - 2 potions of cancellation
 w - 10 potions of curing
 D - 6 potions of heal wounds {unknown}
 F - a potion of resistance {unknown}
 H - 5 potions of enlightenment
 J - a potion of lignification {unknown}
 P - 2 potions of mutation {unknown}
 R - 3 potions of might {unknown}
Miscellaneous
 o - a phantom mirror
 x - a condenser vane


   Skills:
 + Level 11.5 Fighting
 - Level 12.0 Maces & Flails
 - Level 3.1 Armour
 - Level 1.7 Dodging
 - Level 4.5 Stealth
 - Level 8.0 Spellcasting
 - Level 4.0 Conjurations
 + Level 7.4 Evocations


You had 15 spell levels left.
You knew the following spells:

 Your Spells              Type           Power      Damage    Failure   Level
a - Magic Dart            Conj           76%        1d6       8%          1
b - Searing Ray           Conj           38%        2d5       11%         2
c - Fulminant Prism       Conj/Hex       6%         3d7       86%         4
d - Blink                 Tloc           12%        N/A       50%         2
e - Frozen Ramparts       Ice            12%        1d2       75%         3

Your spell library contained the following spells:

 Spells                   Type           Power      Damage    Failure   Level
 Gell's Gravitas          Tloc           6%         N/A       75%         3
 Teleport Other           Tloc           6%         N/A       75%         3
 Manifold Assault         Tloc           6%         N/A       98%         4
 Passage of Golubria      Tloc           6%         N/A       98%         4
 Petrify                  Tmut/Erth      6%         N/A       98%         4
 Metabolic Englaciation   Hex/Ice        3%         N/A       100%        5
 Silence                  Hex/Air        3%         N/A       100%        5
 Dispersal                Tloc           3%         N/A       100%        6
 Lehudib's Crystal Spear  Conj/Erth      6%         10d3      100%        8


Dungeon Overview and Level Annotations

Branches:
Dungeon (11/15)            Temple (0/1) D:5            Lair (3/5) D:11
  Swamp (0/4) Lair:2        Snake (0/4) Lair:2        Sewer (visited)
    Orc: D:9-12

Shops:
D:4 (   D:6 *

Annotations:
D:9 exclusion: orange crystal statue


Innate Abilities, Weirdness & Mutations

You have an increased reservoir of magic. (+10% MP)
You shall have no god before yourself.
Your divine heritage dramatically boosts your attributes as you level up.


Message History

Aiming: Searing Ray (safe; 11% risk of failure)
Press: ? - help, Shift-Dir - straight line, p - seven-headed hydra The searing ray hits the seven-headed hydra!
The seven-headed hydra is heavily wounded. (Press . to maintain the ray.)
The grasping roots constrict the fungus!
The grasping roots constrict the seven-headed hydra.
The seven-headed hydra escapes!
Unknown command.
Unknown command.
The searing ray hits the seven-headed hydra!
The seven-headed hydra is severely wounded.
The grasping roots constrict the fungus!
A nearby fungus withers and dies.
The roots lose their grip on the fungus.
The seven-headed hydra barely misses you.
The seven-headed hydra bites you but does no damage.
The seven-headed hydra closely misses you.
The seven-headed hydra bites you!
The seven-headed hydra bites you but does no damage.
The seven-headed hydra completely misses you.
The seven-headed hydra barely misses you.
Unknown command.
Unknown command.
Unknown command.
Unknown command.
Unknown command.
You sock the seven-headed hydra! You freeze the seven-headed hydra.
You punch the seven-headed hydra.
The seven-headed hydra is almost dead.
The seven-headed hydra bites you!
* * * LOW HITPOINT WARNING * * *
The seven-headed hydra bites you!
* * * LOW HITPOINT WARNING * * *
The seven-headed hydra bites you.
* * * LOW HITPOINT WARNING * * *
The seven-headed hydra bites you.
* * * LOW HITPOINT WARNING * * *
The seven-headed hydra bites you!
You die...

## ##†.#♣...................#
##. .#
##....P.................# #..
## ##.........P...#........#
##. #
#.#.....~.....###+#...#P# ## #
###...........##...#.#### #
#.......PP.####..###
##.........# ##.# #
#.♣....♣♣♣#####.## ##
##......#@D#P##..##### .#
##....###............##### .#
#...#..###....##..#....>.. ##
#.......†............#.#.. ##
##.........#.#.#......###P .#
##.._..##...#.....#.## ##
######## #.....##....#..#.#.#
.##.##.###.....##.#..>......##
###...............P.##.#.#P..#


You could see a seven-headed hydra.

Vanquished Creatures
  Josephine (Lair:2)
  Harold (D:11)
  A hydra (Lair:2)
  6 two-headed ogres
  A skyshark (Lair:2)
  A bog body (Lair:2)
  Pikel (D:5)
  A salamander (Lair:2)
  A manticore (D:11)
  4 black mambas
  Maurice (D:10)
  4 elephants (Lair:2)
  5 cane toads
  3 komodo dragons
  An unseen horror (D:11)
  2 rime drakes
  A troll (D:10)
  4 blink frogs (Lair:2)
  6 wraiths
  2 wyverns
  Eustachio (D:5)
  28 yaks
  Sigmund (D:2)
  2 basilisks (Lair:2)
  14 water moccasins
  Pargi (Sewer)
  An ice beast (D:6)
  2 sky beasts
  2 black bears (Lair:3)
  15 wolves
  2 ogres
  The ghost of Shard1697 the Ruffian, an amateur DrSh of Okawaru (D:4)
  6 centaurs
  2 phantoms
  3 lemures (D:5)
  A kobold brigand (D:9)
  7 bullfrogs
  2 gnoll sergeants
  3 scorpions
  15 wights
  4 killer bees (D:9)
  2 howler monkeys (D:8)
  3 electric eels
  3 lava snakes (Lair:2)
  A jelly (D:7)
  7 orc priests
  Crazy Yiuf (D:3)
  A hound (D:5)
  4 sleepcaps
  4 iguanas
  Ijyb (D:5)
  A gnoll bouda (D:7)
  7 orc wizards
  A mummy (D:10)
  14 adders
  14 gnolls
  2 river rats (D:4)
  3 shadow imps
  2 white imps
  2 ufetubi
  4 worms
  3 dart slugs
  40 orcs
  15 ball pythons
  13 endoplasms
  7 giant cockroaches
  8 goblins
  7 hobgoblins
  3 jackals (D:3)
  4 quokkas
  10 bats
  8 frilled lizards
  7 kobolds
  6 rats
  A spectral orc (D:5)
369 creatures vanquished.

Vanquished Creatures (others)
  An orc wizard (D:4)
1 creature vanquished.

Grand Total: 370 creatures vanquished

Notes
Turn   | Place    | Note
-------+----------+-------------------------------------------
     0 | D:5      | drugrobin the Demigod Delver began the quest for the Orb.
     0 | D:5      | Reached XP level 1. HP: 18/18 MP: 3/3
    14 | D:5      | Noticed a hound
    30 | D:5      | Noticed an orc wizard
    65 | D:5      | Found a staircase to the Ecumenical Temple.
    65 | D:5      | Noticed Ijyb
    80 | D:5      | Noticed a sleepcap
    81 | D:5      | Noticed an orc priest
   125 | D:4      | Noticed an iguana
   135 | D:4      | Noticed a scorpion
   136 | D:4      | Found a runed translucent gate.
   136 | D:4      | Noticed Shard1697's ghost (amateur DrSh)
   136 | D:4      | Noticed a wight
   137 | D:4      | Found a runed translucent gate.
   141 | D:4      | Found a runed translucent gate.
   149 | D:4      | Reached skill level 2 in Maces & Flails
   178 | D:4      | Noticed an iguana
   210 | D:4      | Noticed an orc wizard
   310 | D:4      | Reached XP level 2. HP: 14/25 MP: 4/4
   378 | D:4      | Reached skill level 3 in Maces & Flails
   475 | D:4      | Found a glowing drain.
   480 | D:4      | Reached XP level 3. HP: 27/30 MP: 5/5
   486 | Sewer    | Entered a sewer
   548 | Sewer    | Noticed Pargi
   560 | Sewer    | Killed Pargi
   561 | Sewer    | Reached skill level 4 in Maces & Flails
   561 | Sewer    | Reached XP level 4. HP: 24/37 MP: 6/6
   830 | D:4      | Reached skill level 5 in Maces & Flails
   830 | D:4      | Reached XP level 5. HP: 29/42 MP: 7/7
  1053 | D:4      | Found Sovaagah's Antique Weapon Shop.
  1175 | D:4      | Reached skill level 6 in Maces & Flails
  1175 | D:4      | Reached XP level 6. HP: 49/50 MP: 8/8
  1351 | D:3      | Found a runed translucent door.
  1352 | D:3      | Noticed Crazy Yiuf
  1359 | D:3      | Killed Crazy Yiuf
  2366 | D:2      | Reached skill level 7 in Maces & Flails
  2766 | D:2      | Noticed Sigmund
  2781 | D:2      | Killed Sigmund
  2782 | D:2      | Reached skill level 1 in Spellcasting
  2782 | D:2      | Reached XP level 7. HP: 56/56 MP: 9/12
  2933 | D:2      | Learned a level 1 spell: Magic Dart
  3176 | D:2      | Identified the +6 short sword of Ikhlokle {pain, *Slow
                  | rElec rN++ Will-}
  4628 | D:5      | Noticed Pikel
  4889 | D:5      | Killed Pikel
  4890 | D:5      | Reached XP level 8. HP: 61/66 MP: 13/15
  5010 | D:5      | Reached skill level 8 in Maces & Flails
  5174 | D:5      | Noticed Eustachio
  5203 | D:5      | Killed Eustachio
  5277 | D:5      | Killed Ijyb
  5369 | D:5      | Learned a level 2 spell: Searing Ray
  5685 | D:6      | Reached skill level 5 in Fighting
  5704 | D:6      | Reached skill level 1 in Conjurations
  5793 | D:6      | Found Neotue's General Store.
  5824 | D:6      | Bought a scroll of teleportation for 42 gold pieces
  5975 | D:4      | Bought a buzzing mace for 240 gold pieces
  5975 | D:4      | Identified the +1 mace of Day {freeze, +Blink SInv} (You
                  | bought it in a shop on level 4 of the Dungeon)
  6076 | D:4      | Killed Shard1697's ghost
  6717 | D:6      | Reached XP level 9. HP: 74/74 MP: 15/18
  6732 | D:6      | Reached skill level 9 in Maces & Flails
  7581 | D:7      | Reached skill level 1 in Evocations
  9179 | D:8      | Learned a level 4 spell: Fulminant Prism
  9180 | D:9      | Noticed an orange crystal statue
  9386 | D:9      | Reached XP level 10. HP: 86/86 MP: 19/19
  9519 | D:9      | Reached skill level 10 in Maces & Flails
 10104 | D:9      | Noticed a boulder beetle
 10105 | D:9      | Noticed a manticore
 10346 | D:10     | Entered Level 10 of the Dungeon
 10681 | D:10     | Learned a level 2 spell: Blink
 10699 | D:10     | Reached skill level 11 in Maces & Flails
 10713 | D:10     | Noticed a two-headed ogre
 10728 | D:10     | Killed a two-headed ogre
 10882 | D:10     | Noticed Maurice
 10886 | D:10     | Killed Maurice
 11225 | D:11     | Noticed a two-headed ogre
 11245 | D:11     | Killed a two-headed ogre
 11299 | D:11     | Noticed a manticore
 11317 | D:11     | Noticed a two-headed ogre
 11371 | D:11     | Noticed a two-headed ogre
 11407 | D:11     | Killed a two-headed ogre
 11408 | D:11     | Reached XP level 11. HP: 96/97 MP: 20/20
 11428 | D:11     | Learned a level 3 spell: Frozen Ramparts
 11483 | D:11     | Identified the +0 chain mail "Ilory" {Regen+ Str+4}
 11484 | D:11     | Noticed a two-headed ogre
 11510 | D:11     | Killed a two-headed ogre
 11793 | D:11     | Noticed a two-headed ogre
 11803 | D:11     | Killed a two-headed ogre
 11804 | D:11     | Reached skill level 12 in Maces & Flails
 11804 | D:11     | Reached skill level 5 in Spellcasting
 11949 | D:11     | Noticed Harold
 11974 | D:11     | Killed Harold
 12018 | D:11     | Found a staircase to the Lair.
 12193 | D:11     | Killed a two-headed ogre
 12300 | Lair:1   | Entered Level 1 of the Lair of Beasts
 12978 | Lair:1   | You fall into a shaft and drop 1 floor!
 13045 | Lair:2   | Reached skill level 1 in Armour
 13087 | Lair:2   | Noticed a five-headed hydra
 13128 | Lair:2   | Killed a five-headed hydra
 13301 | Lair:2   | Reached XP level 12. HP: 97/106 MP: 28/28
 13381 | Lair:2   | Reached skill level 10 in Fighting
 13447 | Lair:2   | Reached skill level 5 in Evocations
 13822 | Lair:1   | Found the +8 whip "Snakebite" {venom, curare, rPois}
 14020 | Lair:2   | Found a staircase to the Swamp.
 14089 | Lair:2   | Found a staircase to the Snake Pit.
 14509 | Lair:3   | Noticed a seven-headed hydra
 14926 | Lair:3   | Noticed Josephine
 15017 | Lair:2   | Killed Josephine
 15079 | Lair:2   | HP: 5/105 [skyshark (22)]
 15427 | Lair:2   | HP: 5/110 [seven-headed hydra (4)]
 15427 | Lair:2   | Slain by a seven-headed hydra

Illustrated notes

Levels and vault maps discovered:
D:1:      minmay_arrival_wavy_path, layout_rooms, corner_web_ring,
          minmay_crystal_water
D:2:      minmay_chambers_of_ones, layout_loops_corners, serial_bayou_crossing,
          uniq_sigmund
D:3:      layout_basic, old_standard_altar, uniq_crazy_yiuf_cottage
D:4:      layout_rooms, kennysheep_orc_sif_temple, gammafunk_ghost_split,
          serial_shops, shop, gup_sewer_entry_bubbles, minmay_starry_boxes
D:5:      layout_loops_cross, general_overflow_altar,
          yredelemnul_forgotten_temple_becter, vehumet_crystals,
          minmay_temple_entry_slanted, solitary_fountain, chequers_arboretum,
          uniq_ijyb, uniq_pikel, uniq_eustachio
D:6:      layout_rooms, mainiacjoe_overflow_catwalk, serial_shops, shop,
          hex_large, hangedman_decor_lopped
D:7:      layout_loops_corners, lemuel_round_altar, mainiacjoe_overflow_alcove_4
D:8:      layout_loops_cross, ashenzari_conservatory_becter
D:9:      layout_basic, nicolae_kite_square_tiling_tiny, minivault_16,
          lightli_corner_chamber
D:10:     layout_loops_ring, slow_altar_1, uniq_maurice
D:11:     layout_irregular_city, lair_entry_dummy, uniq_harold
Lair:1:   minmay_guarded_unrand_snakebite, layout_chaotic_city
Lair:2:   layout_roguey, skrybe_swamp_entry_bodies,
          nicolae_snake_entry_warm_welcome, basic_altar,
          grunt_forest_small_clearings, grunt_megastairs_5
Lair:3:   beargit_carnivore_pack, layout_long_grid,
          chequers_serial_rivers_micro_b, eino_small_chamber_without_monster,
          grunt_megastairs_3, serial_bayou_shore_a, uniq_josephine

Skill      XL: |  1  2  3  4  5  6  7  8  9 10 11 12 |
---------------+-------------------------------------+-----
Maces & Flails | 2 3 4 5 6 7 8 9 11 12 | 12.0
Spellcasting   | 1 3 4 8 |  8.0
Fighting       | 3 5 7 9 11 | 11.5
Conjurations   | 2 4 |  4.0
Evocations     | 3 4 7 |  7.4
Armour         | 3 |  3.1
Dodging        | |  1.7
Stealth        | |  4.5

Action                     |  1- 3 |  4- 6 |  7- 9 | 10-12 || total
---------------------------+-------+-------+-------+-------++-------
  Melee: Short sword       |    46 |   273 |     6 |       ||   325
         Mace              |     6 |       |    45 |    57 ||   108
         Whip              |     5 |    40 |   175 |    18 ||   238
         Punch             |       |     4 |     5 |    12 ||    21
         Dagger            |       |       |   149 |    20 ||   169
         Morningstar       |       |       |    13 |   232 ||   245
         Flail             |       |       |     5 |   247 ||   252
   Fire: Sling             |       |     2 |     3 |       ||     5
  Throw: Boomerang         |     1 |       |     1 |       ||     2
         Dart              |       |     2 |       |     9 ||    11
         Javelin           |       |       |     1 |    10 ||    11
   Cast: Magic Dart        |       |       |    66 |    42 ||   108
         Searing Ray       |       |       |    34 |    36 ||    70
         Blink             |       |       |       |     1 ||     1
Ability: Evoke Blink       |       |       |     3 |    10 ||    13
  Evoke: Wand              |     6 |       |     3 |    21 ||    30
    Use: Scroll            |       |       |       |    14 ||    14
         Potion            |       |       |       |     1 ||     1
   Stab: Sleeping          |     1 |    18 |     7 |       ||    26
         Distracted        |       |       |     2 |       ||     2
 Armour: Leather armour    |    11 |       |       |       ||    11
         Troll leather arm |       |    78 |    47 |    24 ||   149
         Chain mail        |       |       |       |   160 ||   160
  Dodge: Dodged            |    40 |   176 |   205 |   390 ||   811
  Block: Other             |       |    64 |    62 |   142 ||   268
         Reflection        |       |     2 |     1 |     3 ||     6

Table legend: (Time is in decaauts)
 A = Elapsed time spent in this place.
 B = Non-inter-level travel time spent in this place.
 C = Inter-level travel time spent in this place.
 D = Time resting spent in this place.
 E = Time spent auto-exploring this place.
 F = Levels seen in this place.
 G = Mean time per level.
                   A        B        C        D        E       F      G
               +--------+--------+--------+--------+--------+-----+--------+
         Total |  15395 |  14584 |    811 |    729 |   9323 |  15 | 1026.3 |
       Dungeon |  12030 |  11383 |    647 |    393 |   7605 |  11 | 1093.6 |
          Lair |   3086 |   2922 |    164 |    303 |   1632 |   3 | 1028.7 |
         Sewer |    278 |    278 |      0 |     33 |     86 |   1 |  278.0 |
               +--------+--------+--------+--------+--------+-----+--------+

Top non-repeatable levels by time:
  Lair:2: 1592 daAuts
     D:4: 1535 daAuts
     D:5: 1281 daAuts
     D:7: 1255 daAuts
     D:3: 1212 daAuts
     D:2: 1176 daAuts
  Lair:1: 1126 daAuts
     D:9: 1119 daAuts
     D:8: 1077 daAuts
    D:11: 1041 daAuts
    D:10: 914 daAuts
     D:6: 850 daAuts
     D:1: 564 daAuts
  Lair:3: 366 daAuts
   Sewer: 278 daAuts
